 Dungeon Crawl Stone Soup version 0.20.1-1-g8b1a95d (webtiles) character file.

186 dengdeng the Shield-Bearer (level 5, -1/32 HPs)
             Began as a Gargoyle Fighter on Oct 29, 2017.
             Killed from afar by an orc wizard (9 damage)
             ... with a puff of frost
             ... on level 3 of the Dungeon on Oct 30, 2017.
             The game lasted 00:20:34 (3054 turns).

dengdeng the Shield-Bearer (Gargoyle Fighter)       Turns: 3054, Time: 00:20:35

Health: -1/32      AC: 13    Str: 21    XL:     5   Next: 66%
Magic:  5/5        EV:  5    Int:  8    God:
Gold:   123        SH:  9    Dex:  9    Spells: 4/4 levels left

rFire    . . .     SeeInvis .   a - +0 long sword
rCold    . . .     Gourm    .   c - +0 shield
rNeg     + . .     Faith    .   h - +0 chain mail
rPois    ∞         Spirit   .   (no helmet)
rElec    +         Reflect  .   (no cloak)
rCorr    .         Harm     .   (no gloves)
MR       .....                  (no boots)
Stlth    ..........             (no amulet)
Regen    0.1/turn               t - ring of wizardry
MPRegen  0.1/turn               (no ring)

@: no status effects
A: negative energy resistance 1, electricity resistance, unbreathing,
petrification resistance, rot immunity, AC +4
a: no special abilities


You were on level 3 of the Dungeon.
You were hungry.

You visited 1 branch of the dungeon, and saw 3 of its levels.

You collected 123 gold pieces.

Inventory:

Hand Weapons
 a - a +0 long sword (weapon)
 k - a +0 morningstar
Missiles
 e - 189 stones
 u - 9 poisoned needles (quivered)
Armour
 c - a +0 shield (worn)
 h - a +0 chain mail (worn)
Jewellery
 t - a ring of wizardry (left hand)
Scrolls
 g - a scroll of enchant weapon {unknown}
 l - a scroll of amnesia {unknown}
 n - a scroll of fog {unknown}
 o - a scroll of noise {unknown}
 q - a scroll of magic mapping {unknown}
 r - a scroll of immolation {unknown}
 v - a scroll of remove curse {unknown}
Potions
 d - a potion of might
 i - a potion of flight {unknown}
 j - a potion of heal wounds {unknown}
 m - 2 potions of curing {unknown}
 p - a potion of berserk rage {unknown}
 s - a potion of lignification {unknown}
Comestibles
 f - 2 bread rations
 w - a meat ration


   Skills:
 + Level 3.6 Fighting
 + Level 3.2 Long Blades
 + Level 0.3 Throwing
 + Level 4.3 Armour
 + Level 0.2 Dodging
 + Level 4.5 Shields


You had 4 spell levels left.
You didn't know any spells.

Dungeon Overview and Level Annotations

Branches:
Dungeon (3/15)

Altars:


Innate Abilities, Weirdness & Mutations

You are resistant to torment.
Your stone body is resilient. (AC +4)
You are immune to poison.
You resist negative energy. (rN+)
You are resistant to electric shocks. (rElec)
You can survive without breathing.
You are immune to petrification.
You are immune to rotting.


Message History

You are feeling hungry.
You miss something.
You hear some strange, mumbled words.
A magic dart appears from out of thin air!
The magic dart hits you! Something hits you but does no damage.
You closely miss something. You block something's attack.
Something hits you but does no damage.
You miss something. Something hits you but does no damage.
Your shield and chain mail prevent you from hitting something.
Something hits you.
Something hits you but does no damage. x2
You miss something.
You hear some strange, mumbled words.
A magic dart appears from out of thin air!
The magic dart hits you!
* * * LOW HITPOINT WARNING * * *
Your shield and chain mail prevent you from hitting something.
You hear some strange, mumbled words.
A puff of frost appears from out of thin air!
The puff of frost hits you!
You die...

#.# ##.. #.# ###
#######.# ### ###
#.......# #.. ..#
#.####### #(# ####.#.#
##.# #.# #......# .[.#
#o# #<##.### ##.# #{#
#.##.######## #.# ##@##
#.........).. #.#
####...###.##.########
#.#########..........##.#
#...........##...###.##.#
########.######.........#
#.)...........####
###############


You could see an orc.

Vanquished Creatures
  Natasha (D:3)
  5 gnolls
  3 adders (D:2)
  An ooze (D:2)
  A dart slug (D:3)
  3 leopard geckos
  5 orcs (D:3)
  5 giant cockroaches
  11 goblins
  5 hobgoblins
  7 jackals
  A quokka (D:1)
  6 bats
  2 frilled lizards
  8 kobolds
  7 rats
71 creatures vanquished.

Notes
Turn   | Place    | Note
-------+----------+-------------------------------------------
     0 | D:1      | dengdeng the Gargoyle Fighter began the quest for the Orb.
     0 | D:1      | Reached XP level 1. HP: 14/14 MP: 1/1
    65 | D:1      | Reached XP level 2. HP: 17/19 MP: 2/2
   684 | D:1      | Reached XP level 3. HP: 22/23 MP: 3/3
  1181 | D:2      | Reached XP level 4. HP: 24/28 MP: 4/4
  2021 | D:3      | Reached XP level 5. HP: 29/32 MP: 5/5
  2525 | D:3      | Noticed Natasha
  2537 | D:3      | Killed Natasha
  3054 | D:3      | Killed from afar by an orc wizard

Skill      XL: |  1  2  3  4 |
---------------+-------------+-----
Long Blades    | 2 3 |  3.2
Armour         | 4 |  4.3
Shields        | 4 |  4.5
Fighting       | |  3.6
Throwing       | |  0.3
Dodging        | |  0.2

Action                   |  1- 3 |  4- 6 || total
-------------------------+-------+-------++-------
Melee: Long sword        |   122 |   159 ||   281
Throw: Stone             |    20 |    20 ||    40
  Use: Scroll            |       |     3 ||     3
  Eat: Chunk             |     1 |     6 ||     7
Armor: Scale mail        |    68 |    41 ||   109
       Chain mail        |       |    54 ||    54
Dodge: Dodged            |    35 |    39 ||    74
Block: Shield            |    63 |    78 ||   141
       Rpst.: Long sword |    11 |    12 ||    23
